 Dungeon Crawl Stone Soup version 0.20-a0-623-gaf3b657 (console) character file.

483 Morrissey the Grave Robber (level 6, 0/56 HPs)
             Began as a Deep Dwarf Necromancer on Feb 10, 2017.
             Slain by MirrMurr's ghost (1 damage)
             ... on level 5 of the Dungeon.
             The game lasted 00:12:32 (3493 turns).

Morrissey the Grave Robber (Deep Dwarf Necromancer) Turns: 3493, Time: 00:12:32

Health: 0/56       AC:  4    Str: 14    XL:     6   Next: 88%
Magic:  5/10       EV: 12    Int: 15    God:
Gold:   155        SH:  0    Dex: 13    Spells: 6/10 levels left

rFire    . . .     SeeInvis .   a - +0 war axe
rCold    . . .     Gourm    .   s - +0 robe
rNeg     . . .     Faith    .   (no shield)
rPois    .         Spirit   .   h - +0 helmet
rElec    .         Reflect  .   (no cloak)
rCorr    .         Harm     .   (no gloves)
MR       .....                  r - +0 pair of boots
Stlth    ++........             (no amulet)
Regen    0.0/turn               (no ring)
                                (no ring)

@: exhausted, non-regenerating, slowed, very slow
A: damage resistance, heal wounds, mutation resistance 1, sense surroundings 1,
screaming 1, slow regeneration 3
a: Heal Wounds


You were on level 5 of the Dungeon.
You were near starving.

You visited 1 branch of the dungeon, and saw 5 of its levels.

You collected 155 gold pieces.

Inventory:

Hand Weapons
 a - a +0 war axe (weapon)
Armour
 h - a +0 helmet (worn)
 r - a +0 pair of boots (worn)
 s - a +0 robe (worn)
Scrolls
 g - a scroll of amnesia
 j - a scroll of immolation {unknown}
 m - 2 scrolls of teleportation {unknown}
 q - 4 scrolls of identify {unknown}
Books
 b - a book of Necromancy

   Spells                             Type                      Level
   a - Pain                           Necromancy                   1
   b - Animate Skeleton               Necromancy                   1
   c - Vampiric Draining              Necromancy                   3
   d - Regeneration                   Charms/Necromancy            3
   e - Animate Dead                   Necromancy                   4
   f - Control Undead                 Necromancy                   4
Comestibles
 c - 2 bread rations
 f - 4 meat rations
 o - 5 fruits


   Skills:
 + Level 3.0 Fighting
 * Level 2.5 Axes
 - Level 2.1 Dodging
 - Level 2.4 Stealth
 - Level 2.7 Spellcasting
 * Level 7.1 Necromancy


You had 6 spell levels left.
You knew the following spells:

 Your Spells              Type           Power        Failure   Level  Hunger
a - Pain                  Necr           ###.         1%          1    #......
b - Vampiric Draining     Necr           ###.......   3%          3    ###....


Dungeon Overview and Level Annotations

Branches:
Dungeon (5/15)
 Temple: D:4-7

Altars:
Cheibriados
Ru

Annotations:
D:1 exclusion: 2 downstairs
D:3 Lahna's ghost, amateur MiGl
D:4 Kwzr's ghost, amateur TeFi
D:5 MirrMurr's ghost, novice SpBe


Innate Abilities, Weirdness & Mutations

You are resistant to damage.
You can heal yourself by infusing magical energy.
You passively map a small area around you.
You do not regenerate.
You are somewhat resistant to further mutation.
You occasionally shout uncontrollably at your foes.


Message History

You barely miss MirrMurr's ghost.
MirrMurr's ghost is moderately damaged.
MirrMurr's ghost closely misses you.
You miss MirrMurr's ghost.
MirrMurr's ghost is moderately damaged.
MirrMurr's ghost hits you!
* * * LOW HITPOINT WARNING * * *
You slash MirrMurr's ghost!
MirrMurr's ghost is heavily damaged.
MirrMurr's ghost misses you.
You closely miss MirrMurr's ghost.
MirrMurr's ghost is heavily damaged.
You are no longer berserk.
You are exhausted.
You feel yourself slow down. MirrMurr's ghost hits you.
* * * LOW HITPOINT WARNING * * *
You barely miss MirrMurr's ghost.
MirrMurr's ghost is heavily damaged.
MirrMurr's ghost hits you.
You die...

, * * * , ** * ,
* #. , * ##.# , ,
,
##...##########.#
*
.....#....W@...#
. .?#.######### ,
#.#.#.# *
#.#.#.#{#
#......W#
###.#.### * # #.#
#.###.#.##
#......S.#######


You could see MirrMurr's ghost.

Vanquished Creatures
  A sky beast (D:5)
  An ice beast (D:2)
  4 hounds (D:4)
  An iguana (D:5)
  Robin (D:1)
  7 adders
  4 worms
  2 dart slugs
  2 leopard geckos
  3 orcs (D:4)
  A ball python (D:3)
  5 bats
  4 giant cockroaches
  6 hobgoblins
  2 jackals (D:2)
  2 frilled lizards
  10 goblins
  3 kobolds
  3 rats
62 creatures vanquished.

Notes
Turn   | Place    | Note
-------+----------+-------------------------------------------
     0 | D:1      | Morrissey the Deep Dwarf Necromancer began the quest for the Orb.
     0 | D:1      | Reached XP level 1. HP: 15/15 MP: 3/3
   206 | D:1      | Reached XP level 2. HP: 24/24 MP: 0/4
   923 | D:2      | Noticed Robin
   971 | D:1      | Killed Robin
   971 | D:1      | Reached skill level 1 in Fighting
   971 | D:1      | Reached skill level 5 in Necromancy
   971 | D:1      | Reached XP level 3. HP: 14/31 MP: 0/6
  1134 | D:2      | Learned a level 3 spell: Vampiric Draining
  1700 | D:2      | Reached XP level 4. HP: 28/38 MP: 1/7
  2004 | D:2      | Found a snail-covered altar of Cheibriados.
  2572 | D:3      | Noticed an ice beast
  2592 | D:2      | Killed an ice beast
  2592 | D:2      | Reached skill level 6 in Necromancy
  2592 | D:2      | Reached XP level 5. HP: 10/45 MP: 0/9
  2922 | D:3      | Noticed Lahna's ghost (amateur MiGl)
  2962 | D:4      | Found a sacrificial altar of Ru.
  3133 | D:4      | Reached XP level 6. HP: 34/55 MP: 6/10
  3211 | D:4      | Noticed Kwzr's ghost (amateur TeFi)
  3352 | D:4      | Reached skill level 1 in Axes
  3427 | D:5      | Entered Level 5 of the Dungeon
  3427 | D:5      | Noticed MirrMurr's ghost (novice SpBe)
  3432 | D:5      | Noticed a sky beast
  3447 | D:5      | Gained mutation: You are somewhat resistant to further mutation. [potion of mutation]
  3447 | D:5      | Gained mutation: You occasionally shout uncontrollably at your foes. [potion of mutation]
  3464 | D:5      | Killed a sky beast
  3464 | D:5      | Reached skill level 7 in Necromancy
  3492 | D:5      | HP: 1/56 [MirrMurr's ghost (4)]
  3493 | D:5      | Slain by MirrMurr's ghost

Vault maps used:
D:1:      sevenhm_arrival_forest_fort_small_6
D:2:      overflow_temple_1_default, first_bread, uniq_robin
D:3:      nrook_loot_triangle, minmay_distorted
D:4:      nicolae_overflow_crystal_walls, uniq_natasha, uniq_sigmund
D:5:      gup_sewer_entry_spiral

Skill      XL: |  1  2  3  4  5  6 |
---------------+-------------------+-----
Spellcasting   | 2 |  2.7
Fighting       | 1 2 3 |  3.0
Necromancy     | 5 6 7 |  7.1
Axes           | 2 |  2.5
Dodging        | |  2.1
Stealth        | |  2.4

Action                   |  1- 3 |  4- 6 || total
-------------------------+-------+-------++-------
Melee: Unarmed           |     3 |       ||     3
       Club              |    63 |    62 ||   125
       War axe           |       |    53 ||    53
 Cast: Pain              |    44 |    28 ||    72
       Vampiric Draining |    11 |    31 ||    42
 Abil: Heal Wounds       |       |     1 ||     1
  Use: Scroll            |     2 |       ||     2
       Potion            |     1 |     6 ||     7
 Stab: Sleeping          |     1 |     4 ||     5
  Eat: Chunk             |     5 |     7 ||    12
       Fruit             |       |     1 ||     1
Armor: Robe              |    29 |    30 ||    59
       Skin              |       |    27 ||    27
Dodge: Dodged            |    90 |    82 ||   172
